[ PARTIDA AOE2 · #469682829 ]
Team RMMuiscas vs Teutons
Equipo del jugador · VICT
[ ANÁLISIS DE REPETICIÓN · EXTRAÍDO DE LA PARTIDA GRABADA ]
Feudal
11:27
Castillos
25:21
Imperial
—
| APM promedio | 38.2 |
| APM pico | 81 |
| eAPM promedio | 18.9 |
| Aldeanos / militares | 130 / 74 |
Foco
⚔️ 23.1% · 🌾 76.9%
Archer ×35 · Spearman ×28 · Unknown (2586) ×21 · Unknown (2550) ×20 · Petard ×10 · Skirmisher ×1
Feudal
11:25
Castillos
17:50
Imperial
36:15
| APM promedio | 25.5 |
| APM pico | 56 |
| eAPM promedio | 18.9 |
| Aldeanos / militares | 150 / 228 |
Foco
⚔️ 17.4% · 🌾 82.6%
Militia ×220 · Fishing Ship ×4 · Centurion ×4 · Galley ×2 · Demolition Raft ×2
Feudal
10:58
Castillos
14:17
Imperial
35:13
| APM promedio | 22.4 |
| APM pico | 55 |
| eAPM promedio | 12.7 |
| Aldeanos / militares | 112 / 55 |
Foco
⚔️ 29.6% · 🌾 70.4%
Knight ×50 · Spearman ×5
Feudal
11:52
Castillos
17:13
Imperial
32:19
| APM promedio | 31.5 |
| APM pico | 70 |
| eAPM promedio | 13.3 |
| Aldeanos / militares | 91 / 58 |
Foco
⚔️ 23.4% · 🌾 76.6%
Knight ×37 · Coustillier ×8 · Skirmisher ×8 · Fishing Ship ×7 · Trebuchet (Packed) ×3 · Monk ×2
Feudal
10:56
Castillos
14:31
Imperial
31:48
| APM promedio | 41.4 |
| APM pico | 96 |
| eAPM promedio | 21.4 |
| Aldeanos / militares | 137 / 54 |
Foco
⚔️ 45.4% · 🌾 54.6%
Longbowman ×38 · Fishing Ship ×13 · Spearman ×7 · Demolition Raft ×3 · Trebuchet (Packed) ×3 · Transport Ship ×2
Feudal
10:44
Castillos
15:59
Imperial
33:44
| APM promedio | 30.1 |
| APM pico | 101 |
| eAPM promedio | 15.8 |
| Aldeanos / militares | 165 / 138 |
Foco
⚔️ 25.6% · 🌾 74.4%
Cavalry Archer ×138
Feudal
10:08
Castillos
15:11
Imperial
29:37
| APM promedio | 29.8 |
| APM pico | 94 |
| eAPM promedio | 15.3 |
| Aldeanos / militares | 122 / 237 |
Foco
⚔️ 25.4% · 🌾 74.6%
Knight ×236 · Monk ×1
Feudal
13:48
Castillos
18:08
Imperial
35:53
| APM promedio | 31.0 |
| APM pico | 52 |
| eAPM promedio | 17.2 |
| Aldeanos / militares | 125 / 118 |
Foco
⚔️ 21.7% · 🌾 78.3%
Spearman ×81 · Knight ×35 · Monk ×2
Mapa de la partida
Recursos iniciales + cada clic de construcción. Líneas = muros · curvas = relieve. ◆ oro · ⬟ piedra · ● bayas · ✦ reliquia · ◌ hueco del cierre
Tu base· ✓ Separados por el mapa
Base de Visionari· ✓ Separados por el mapa
Base de Kompromist· ✓ Separados por el mapa
Base de The_Physicist· ✓ Separados por el mapa
Base de Lyy· ✓ Separados por el mapa
Base de KhanShinnok· ✓ Separados por el mapa
Base de ElmismisimoDonWea· ✓ Separados por el mapa
Base de Wendysocute· ✓ Separados por el mapa
Terreno inicial suavizado · ◌ = hueco del cierre detectado · pasá el cursor para detalles
Inputs por minuto
— [ GG ] Maverick - - Visionari
Build order — [ GG ] Maverick
Primeras 150 de 317 acciones detectadas
| 0:01 | Crear | Villager (Male) |
| 0:01 | Crear | Villager (Male) |
| 0:02 | Crear | Villager (Male) |
| 0:03 | Construir | House |
| 0:05 | Construir | House |
| 0:19 | Crear | Villager (Male) |
| 0:20 | Crear | Villager (Male) |
| 1:25 | Crear | Villager (Male) |
| 1:25 | Crear | Villager (Male) |
| 1:53 | Construir | Settlement |
| 2:05 | Crear | Villager (Male) |
| 2:06 | Crear | Villager (Male) |
| 2:16 | Crear | Villager (Male) |
| 2:47 | Crear | Villager (Male) |
| 2:48 | Crear | Villager (Male) |
| 3:03 | Crear | Villager (Male) |
| 3:03 | Crear | Villager (Male) |
| 3:45 | Crear | Villager (Male) |
| 3:45 | Crear | Villager (Male) |
| 3:49 | Construir | House |
| 3:56 | Crear | Villager (Male) |
| 3:56 | Crear | Villager (Male) |
| 4:39 | Crear | Villager (Male) |
| 4:41 | Construir | Settlement |
| 5:07 | Crear | Villager (Male) |
| 5:07 | Crear | Villager (Male) |
| 5:07 | Crear | Villager (Male) |
| 5:30 | Crear | Villager (Male) |
| 5:30 | Crear | Villager (Male) |
| 5:31 | Crear | Villager (Male) |
| 5:49 | Crear | Villager (Male) ×3 |
| 6:27 | Construir | Palisade Wall |
| 7:00 | Crear | Villager (Male) |
| 7:00 | Crear | Villager (Male) |
| 7:00 | Crear | Villager (Male) |
| 7:20 | Crear | Villager (Male) |
| 7:20 | Crear | Villager (Male) |
| 7:31 | Construir | Barracks |
| 7:45 | Construir | Settlement |
| 8:00 | Construir | Palisade Wall |
| 8:05 | Crear | Villager (Male) |
| 8:05 | Crear | Villager (Male) |
| 8:28 | Construir | Palisade Wall |
| 9:06 | Investigar | Feudal Age |
| 9:46 | Construir | Palisade Wall |
| 10:07 | Construir | House |
| 10:24 | Crear | Villager (Male) |
| 10:24 | Crear | Villager (Male) |
| 11:02 | Construir | Settlement |
| 11:27 | Edad | Edad Feudal |
| 11:35 | Construir | Archery Range |
| 11:41 | Construir | Blacksmith |
| 11:49 | Investigar | Double-Bit Axe |
| 11:57 | Crear | Villager (Male) |
| 12:28 | Construir | Farm |
| 12:29 | Construir | Farm |
| 12:34 | Construir | House |
| 12:38 | Investigar | Fletching |
| 12:41 | Crear | Archer |
| 12:41 | Crear | Archer |
| 12:44 | Construir | Archery Range |
| 12:51 | Construir | Farm |
| 12:54 | Construir | Farm |
| 13:04 | Investigar | Loom |
| 13:10 | Construir | Palisade Wall |
| 13:18 | Crear | Archer |
| 13:27 | Crear | Unit 2550 |
| 13:27 | Crear | Unit 2550 |
| 13:32 | Construir | Farm |
| 13:43 | Crear | Archer |
| 13:43 | Crear | Archer |
| 13:49 | Crear | Unit 2550 |
| 13:50 | Crear | Unit 2550 |
| 14:16 | Crear | Villager (Male) |
| 14:16 | Crear | Villager (Male) |
| 14:51 | Crear | Villager (Male) |
| 14:51 | Crear | Villager (Male) |
| 14:52 | Crear | Villager (Male) |
| 15:08 | Crear | Villager (Male) |
| 15:08 | Crear | Villager (Male) |
| 15:08 | Crear | Villager (Male) |
| 15:22 | Crear | Archer |
| 15:22 | Crear | Archer |
| 15:22 | Crear | Archer |
| 16:07 | Crear | Villager (Male) |
| 16:07 | Crear | Villager (Male) |
| 16:08 | Crear | Villager (Male) |
| 16:20 | Crear | Villager (Male) |
| 16:20 | Crear | Villager (Male) |
| 16:20 | Crear | Villager (Male) |
| 16:35 | Crear | Villager (Male) |
| 16:35 | Crear | Villager (Male) |
| 16:41 | Construir | Palisade Wall |
| 17:01 | Investigar | Padded Archer Armor |
| 17:35 | Construir | House |
| 17:39 | Construir | Palisade Wall |
| 17:56 | Construir | Farm |
| 17:57 | Construir | Farm |
| 17:59 | Construir | Farm |
| 18:00 | Construir | Farm |
| 18:01 | Construir | Farm |
| 18:04 | Construir | Farm |
| 18:06 | Construir | Farm |
| 18:07 | Construir | Farm |
| 18:08 | Construir | Farm |
| 18:11 | Construir | Farm |
| 18:13 | Investigar | Wheelbarrow |
| 18:44 | Construir | Farm |
| 18:46 | Construir | Farm |
| 18:47 | Construir | Farm |
| 19:05 | Construir | Farm |
| 19:13 | Crear | Villager (Male) |
| 19:14 | Crear | Villager (Male) |
| 19:17 | Construir | Farm |
| 19:55 | Construir | Farm |
| 19:57 | Investigar | Horse Collar |
| 20:05 | Construir | Farm |
| 20:07 | Construir | Farm |
| 20:08 | Construir | Farm |
| 20:09 | Construir | Farm |
| 20:10 | Construir | Farm |
| 20:40 | Crear | Villager (Male) |
| 20:40 | Crear | Villager (Male) |
| 21:36 | Construir | Stone Wall |
| 21:50 | Construir | Stone Wall |
| 22:41 | Investigar | Castle Age |
| 22:59 | Construir | Stone Wall |
| 23:17 | Crear | Spearman |
| 23:17 | Crear | Spearman |
| 23:17 | Crear | Spearman |
| 23:18 | Crear | Spearman |
| 23:23 | Crear | Archer |
| 23:23 | Crear | Archer |
| 23:23 | Crear | Archer |
| 23:24 | Crear | Skirmisher |
| 23:25 | Crear | Archer |
| 23:31 | Investigar | Scale Mail Armor |
| 23:31 | Investigar | Forging |
| 23:35 | Investigar | Gold Mining |
| 23:47 | Construir | Stone Wall |
| 23:50 | Crear | Villager (Male) |
| 23:50 | Crear | Villager (Male) |
| 23:51 | Crear | Villager (Male) |
| 23:51 | Crear | Villager (Male) |
| 24:03 | Construir | Stone Wall |
| 24:08 | Crear | Villager (Male) |
| 24:08 | Crear | Villager (Male) |
| 24:09 | Crear | Villager (Male) |
| 24:09 | Crear | Villager (Male) |
| 24:17 | Crear | Archer |
Build order — Visionari
Primeras 150 de 342 acciones detectadas
| 0:02 | Crear | Villager (Male) |
| 0:03 | Construir | House |
| 0:04 | Construir | House |
| 0:06 | Crear | Villager (Male) |
| 0:06 | Crear | Villager (Male) |
| 0:06 | Crear | Villager (Male) |
| 0:06 | Crear | Villager (Male) |
| 1:23 | Crear | Villager (Male) |
| 1:23 | Crear | Villager (Male) |
| 1:24 | Crear | Villager (Male) |
| 1:55 | Crear | Villager (Male) |
| 1:55 | Crear | Villager (Male) |
| 2:07 | Crear | Villager (Male) |
| 2:07 | Crear | Villager (Male) |
| 2:38 | Construir | Lumber Camp |
| 2:41 | Crear | Villager (Male) |
| 2:42 | Crear | Villager (Male) |
| 2:42 | Crear | Villager (Male) |
| 2:53 | Crear | Villager (Male) |
| 2:53 | Crear | Villager (Male) |
| 3:32 | Crear | Villager (Male) |
| 3:32 | Crear | Villager (Male) |
| 3:32 | Crear | Villager (Male) |
| 3:39 | Crear | Villager (Male) |
| 3:39 | Crear | Villager (Male) |
| 3:39 | Crear | Villager (Male) |
| 3:48 | Construir | House |
| 4:17 | Construir | Mill |
| 4:31 | Crear | Villager (Male) |
| 4:32 | Crear | Villager (Male) |
| 4:32 | Crear | Villager (Male) |
| 5:05 | Crear | Villager (Male) |
| 5:05 | Crear | Villager (Male) |
| 5:05 | Crear | Villager (Male) |
| 5:07 | Crear | Villager (Male) |
| 5:07 | Crear | Villager (Male) |
| 5:10 | Crear | Villager (Male) |
| 5:10 | Crear | Villager (Male) |
| 5:50 | Crear | Villager (Male) |
| 5:56 | Construir | House |
| 6:05 | Crear | Villager (Male) |
| 6:05 | Crear | Villager (Male) |
| 6:06 | Crear | Villager (Male) |
| 6:30 | Crear | Villager (Male) |
| 6:37 | Construir | Mill |
| 6:59 | Crear | Villager (Male) |
| 6:59 | Crear | Villager (Male) |
| 7:13 | Construir | House |
| 7:14 | Construir | House |
| 7:16 | Construir | House |
| 7:17 | Construir | House |
| 8:20 | Crear | Villager (Male) |
| 8:32 | Construir | Lumber Camp |
| 8:35 | Crear | Villager (Male) |
| 8:40 | Crear | Villager (Male) |
| 8:52 | Investigar | Feudal Age |
| 10:29 | Construir | Palisade Wall |
| 10:36 | Construir | Palisade Wall |
| 11:15 | Crear | Villager (Male) |
| 11:16 | Crear | Villager (Male) |
| 11:25 | Edad | Edad Feudal |
| 11:26 | Investigar | Horse Collar |
| 11:26 | Investigar | Horse Collar |
| 11:31 | Investigar | Double-Bit Axe |
| 11:39 | Construir | Farm |
| 11:40 | Construir | Farm |
| 11:40 | Construir | Farm |
| 11:41 | Construir | Farm |
| 11:41 | Construir | Farm |
| 11:45 | Construir | Farm |
| 11:47 | Construir | Farm |
| 11:52 | Construir | Farm |
| 12:05 | Construir | Farm |
| 12:09 | Crear | Villager (Male) |
| 12:20 | Construir | Mining Camp |
| 12:22 | Crear | Villager (Male) |
| 12:50 | Crear | Villager (Male) |
| 13:11 | Construir | Dock |
| 13:14 | Crear | Villager (Male) |
| 13:31 | Crear | Villager (Male) |
| 13:35 | Construir | Farm |
| 14:11 | Crear | Villager (Male) |
| 14:18 | Construir | Blacksmith |
| 14:28 | Construir | Market |
| 14:37 | Investigar | Wheelbarrow |
| 14:43 | Crear | Villager (Male) |
| 14:55 | Construir | Farm |
| 15:08 | Investigar | Castle Age |
| 15:09 | Investigar | Castle Age |
| 15:16 | Crear | Galley |
| 15:47 | Investigar | Fletching |
| 15:52 | Investigar | Gold Mining |
| 15:59 | Crear | Galley |
| 16:19 | Crear | Villager (Male) |
| 16:52 | Crear | Demolition Raft |
| 16:52 | Crear | Demolition Raft |
| 16:56 | Crear | Fishing Ship |
| 16:56 | Crear | Fishing Ship |
| 16:57 | Crear | Fishing Ship |
| 16:58 | Crear | Fishing Ship |
| 17:50 | Edad | Edad de los Castillos |
| 17:54 | Crear | Villager (Male) ×5 |
| 18:02 | Construir | Town Center |
| 18:05 | Investigar | Bow Saw |
| 18:08 | Investigar | Heavy Plow |
| 18:46 | Crear | Villager (Male) |
| 18:51 | Crear | Villager (Male) |
| 18:57 | Construir | Town Center |
| 19:07 | Construir | Palisade Gate |
| 19:23 | Crear | Villager (Male) |
| 19:23 | Crear | Villager (Male) |
| 19:26 | Construir | Farm |
| 19:27 | Construir | Farm |
| 19:27 | Construir | Farm |
| 19:41 | Construir | Farm |
| 20:02 | Construir | Barracks |
| 20:09 | Crear | Villager (Male) |
| 20:15 | Investigar | Wheelbarrow |
| 20:16 | Construir | House |
| 20:17 | Construir | House |
| 20:18 | Construir | House |
| 20:29 | Construir | House |
| 20:30 | Construir | House |
| 20:32 | Crear | Villager (Male) |
| 20:33 | Crear | Villager (Male) |
| 20:36 | Crear | Villager (Male) |
| 20:39 | Investigar | Forging |
| 21:01 | Investigar | Man-at-Arms (upgrade) |
| 21:05 | Construir | Farm |
| 21:06 | Construir | Farm |
| 21:08 | Construir | Farm |
| 21:10 | Construir | Farm |
| 21:11 | Construir | Farm |
| 21:11 | Crear | Villager (Male) |
| 21:15 | Construir | Farm |
| 21:17 | Construir | Farm |
| 21:19 | Construir | House |
| 21:20 | Construir | House |
| 21:22 | Crear | Villager (Male) ×5 |
| 21:25 | Crear | Villager (Male) |
| 21:36 | Investigar | Squires |
| 21:42 | Investigar | Long Swordsman (upgrade) |
| 21:42 | Investigar | Long Swordsman (upgrade) |
| 21:46 | Construir | Farm |
| 21:49 | Investigar | Iron Casting |
| 21:49 | Investigar | Scale Mail Armor |
| 21:52 | Crear | Villager (Male) |
| 21:54 | Investigar | Loom |
| 21:59 | Construir | Farm |
| 22:00 | Construir | Farm |
Build order — Kompromist
Primeras 150 de 311 acciones detectadas
| 0:05 | Crear | Villager (Male) |
| 0:05 | Crear | Villager (Male) |
| 0:05 | Crear | Villager (Male) |
| 0:06 | Crear | Villager (Male) |
| 0:06 | Crear | Villager (Male) |
| 0:12 | Construir | House |
| 0:13 | Construir | House |
| 1:54 | Crear | Villager (Male) |
| 1:58 | Construir | Lumber Camp |
| 2:15 | Crear | Villager (Male) |
| 2:42 | Crear | Villager (Male) |
| 3:05 | Crear | Villager (Male) |
| 3:12 | Construir | House |
| 3:22 | Crear | Villager (Male) |
| 3:28 | Construir | Mill |
| 3:42 | Crear | Villager (Male) |
| 4:29 | Crear | Villager (Male) |
| 4:45 | Crear | Villager (Male) |
| 5:00 | Construir | House |
| 5:13 | Crear | Villager (Male) |
| 5:41 | Crear | Villager (Male) |
| 5:43 | Crear | Villager (Male) |
| 6:00 | Crear | Villager (Male) |
| 6:12 | Crear | Villager (Male) |
| 6:30 | Crear | Villager (Male) |
| 6:51 | Crear | Villager (Male) |
| 7:05 | Crear | Villager (Male) |
| 7:07 | Construir | House |
| 7:54 | Investigar | Loom |
| 8:32 | Investigar | Feudal Age |
| 9:15 | Construir | Mining Camp |
| 10:08 | Crear | Villager (Male) |
| 10:09 | Crear | Villager (Male) |
| 10:58 | Edad | Edad Feudal |
| 11:01 | Construir | Market |
| 11:05 | Construir | Blacksmith |
| 11:51 | Investigar | Castle Age |
| 12:07 | Investigar | Double-Bit Axe |
| 12:28 | Construir | House |
| 13:25 | Crear | Villager (Male) |
| 13:26 | Crear | Villager (Male) |
| 13:58 | Construir | House |
| 14:02 | Construir | House |
| 14:17 | Edad | Edad de los Castillos |
| 14:28 | Construir | Town Center |
| 14:39 | Construir | Town Center |
| 14:42 | Crear | Villager (Male) |
| 15:17 | Construir | Barracks |
| 15:27 | Construir | Farm |
| 15:27 | Construir | Farm |
| 15:28 | Construir | Farm |
| 15:28 | Construir | Farm |
| 15:36 | Construir | Farm |
| 15:39 | Construir | Farm |
| 15:39 | Construir | Farm |
| 15:39 | Construir | Farm |
| 15:40 | Construir | Farm |
| 15:40 | Construir | Farm |
| 15:40 | Construir | Farm |
| 16:05 | Construir | Stable |
| 16:16 | Construir | Farm |
| 16:47 | Crear | Villager (Male) |
| 16:56 | Crear | Knight |
| 16:59 | Construir | Farm |
| 17:03 | Construir | Farm |
| 17:05 | Construir | Farm |
| 17:08 | Crear | Villager (Male) |
| 17:11 | Construir | Farm |
| 17:26 | Construir | Farm |
| 17:27 | Construir | Farm |
| 17:41 | Crear | Knight |
| 17:42 | Crear | Knight |
| 17:52 | Crear | Villager (Male) |
| 17:57 | Construir | Farm |
| 18:10 | Investigar | Husbandry |
| 18:12 | Crear | Villager (Male) |
| 18:35 | Crear | Villager (Male) |
| 18:36 | Crear | Villager (Male) |
| 18:42 | Construir | Farm |
| 18:53 | Crear | Villager (Male) |
| 19:03 | Construir | Farm |
| 19:04 | Construir | Farm |
| 19:04 | Construir | Farm |
| 19:08 | Crear | Villager (Male) |
| 19:20 | Crear | Villager (Male) |
| 19:20 | Crear | Villager (Male) |
| 19:24 | Construir | Farm |
| 19:27 | Construir | Farm |
| 19:49 | Crear | Knight |
| 19:50 | Crear | Knight |
| 20:02 | Crear | Villager (Male) |
| 20:02 | Crear | Villager (Male) |
| 20:05 | Construir | Farm |
| 20:06 | Construir | Farm |
| 20:16 | Crear | Knight |
| 20:26 | Investigar | Forging |
| 20:37 | Crear | Villager (Male) |
| 20:47 | Construir | Farm |
| 20:48 | Construir | Farm |
| 20:56 | Crear | Villager (Male) |
| 21:00 | Investigar | Town Watch |
| 21:00 | Crear | Villager (Male) |
| 21:07 | Construir | Farm |
| 21:09 | Construir | Farm |
| 21:10 | Construir | Farm |
| 21:11 | Construir | Farm |
| 21:13 | Crear | Villager (Male) |
| 21:18 | Crear | Knight |
| 21:42 | Investigar | Bloodlines |
| 21:57 | Crear | Villager (Male) |
| 21:58 | Crear | Villager (Male) |
| 21:58 | Crear | Villager (Male) |
| 22:14 | Crear | Villager (Male) |
| 22:15 | Crear | Villager (Male) |
| 22:15 | Crear | Villager (Male) |
| 22:39 | Crear | Villager (Male) |
| 22:40 | Crear | Villager (Male) |
| 22:40 | Crear | Villager (Male) |
| 22:46 | Construir | House |
| 22:48 | Construir | House |
| 22:49 | Construir | House |
| 22:50 | Construir | House |
| 22:51 | Construir | House |
| 22:51 | Construir | House |
| 22:53 | Construir | House |
| 22:54 | Construir | House |
| 22:55 | Crear | Villager (Male) |
| 22:55 | Crear | Villager (Male) |
| 23:02 | Crear | Villager (Male) |
| 23:03 | Crear | Villager (Male) |
| 23:13 | Investigar | Wheelbarrow |
| 23:21 | Crear | Villager (Male) |
| 23:40 | Crear | Villager (Male) |
| 23:42 | Investigar | Gold Mining |
| 23:45 | Crear | Villager (Male) |
| 23:49 | Investigar | Stone Mining |
| 24:01 | Crear | Knight |
| 24:04 | Crear | Knight |
| 24:04 | Crear | Villager (Male) |
| 24:05 | Crear | Villager (Male) |
| 24:05 | Crear | Villager (Male) |
| 24:05 | Crear | Villager (Male) |
| 24:15 | Investigar | Bow Saw |
| 24:32 | Investigar | Horse Collar |
| 24:47 | Construir | Outpost |
| 24:50 | Crear | Villager (Male) |
| 24:52 | Crear | Villager (Male) |
| 24:52 | Crear | Villager (Male) |
| 24:52 | Crear | Villager (Male) |
| 24:52 | Crear | Villager (Male) |
Build order — The_Physicist
Primeras 150 de 292 acciones detectadas
| 0:01 | Crear | Villager (Male) |
| 0:01 | Crear | Villager (Male) |
| 0:01 | Crear | Villager (Male) |
| 0:03 | Construir | House |
| 0:04 | Construir | House |
| 0:44 | Crear | Villager (Male) |
| 1:39 | Crear | Villager (Male) |
| 1:39 | Crear | Villager (Male) |
| 1:46 | Construir | Lumber Camp |
| 2:02 | Crear | Villager (Male) |
| 2:31 | Crear | Villager (Male) |
| 2:31 | Crear | Villager (Male) |
| 2:53 | Crear | Villager (Male) |
| 3:09 | Crear | Villager (Male) |
| 3:38 | Construir | House |
| 3:42 | Crear | Villager (Male) |
| 4:07 | Construir | Palisade Wall |
| 4:10 | Construir | Palisade Wall |
| 4:12 | Construir | Palisade Wall |
| 4:14 | Crear | Villager (Male) |
| 4:16 | Investigar | Loom |
| 4:24 | Crear | Villager (Male) |
| 4:34 | Crear | Villager (Male) |
| 4:48 | Construir | House |
| 5:00 | Crear | Villager (Male) |
| 5:51 | Crear | Villager (Male) |
| 5:52 | Crear | Villager (Male) |
| 5:57 | Construir | Mining Camp |
| 6:25 | Crear | Villager (Male) |
| 7:09 | Construir | Dock |
| 7:10 | Crear | Villager (Male) |
| 7:17 | Construir | House |
| 7:19 | Crear | Villager (Male) |
| 7:44 | Crear | Villager (Male) |
| 7:50 | Crear | Fishing Ship |
| 8:05 | Crear | Villager (Male) |
| 8:05 | Crear | Villager (Male) |
| 8:07 | Investigar | Double-Bit Axe |
| 8:22 | Crear | Villager (Male) |
| 8:30 | Construir | Mill |
| 8:58 | Construir | House |
| 9:42 | Investigar | Feudal Age |
| 9:49 | Crear | Fishing Ship |
| 10:29 | Crear | Fishing Ship |
| 10:47 | Crear | Villager (Male) |
| 10:50 | Investigar | Horse Collar |
| 10:53 | Crear | Fishing Ship |
| 11:52 | Edad | Edad Feudal |
| 12:02 | Construir | Stone Wall |
| 12:05 | Construir | Stone Wall |
| 12:07 | Construir | Stone Wall |
| 12:12 | Crear | Fishing Ship |
| 12:17 | Construir | House |
| 12:27 | Construir | House |
| 12:43 | Construir | Market |
| 12:45 | Construir | Mining Camp |
| 12:47 | Crear | Villager (Male) |
| 12:48 | Crear | Villager (Male) |
| 12:55 | Crear | Fishing Ship |
| 13:42 | Construir | Stone Wall |
| 13:43 | Crear | Villager (Male) |
| 13:46 | Construir | Blacksmith |
| 13:53 | Construir | Mining Camp |
| 14:17 | Investigar | Stone Mining |
| 14:33 | Investigar | Castle Age |
| 14:43 | Construir | House |
| 14:52 | Construir | Outpost |
| 15:04 | Investigar | Bow Saw |
| 15:18 | Investigar | Gold Mining |
| 15:35 | Construir | House |
| 15:53 | Crear | Villager (Male) |
| 16:00 | Construir | House |
| 16:45 | Construir | Outpost |
| 17:01 | Investigar | Town Watch |
| 17:07 | Construir | Outpost |
| 17:09 | Construir | Outpost |
| 17:13 | Edad | Edad de los Castillos |
| 17:24 | Construir | House |
| 17:25 | Crear | Villager (Male) |
| 17:25 | Crear | Villager (Male) |
| 17:32 | Construir | Town Center |
| 17:48 | Construir | Monastery |
| 18:04 | Crear | Villager (Male) |
| 18:04 | Crear | Villager (Male) |
| 18:05 | Crear | Villager (Male) |
| 18:19 | Construir | Outpost |
| 18:49 | Construir | Castle |
| 18:56 | Crear | Villager (Male) |
| 18:56 | Crear | Villager (Male) |
| 19:10 | Construir | Gate |
| 19:15 | Construir | Stone Wall |
| 19:37 | Construir | Barracks |
| 19:49 | Construir | Gate |
| 20:00 | Crear | Fishing Ship |
| 20:05 | Construir | Stone Wall |
| 20:14 | Construir | Lumber Camp |
| 20:16 | Investigar | Wheelbarrow |
| 20:17 | Crear | Villager (Male) |
| 20:17 | Crear | Villager (Male) |
| 20:17 | Crear | Villager (Male) |
| 20:17 | Crear | Villager (Male) |
| 20:30 | Construir | Outpost |
| 20:42 | Crear | Monk |
| 20:47 | Construir | Farm |
| 20:50 | Construir | Farm |
| 20:52 | Construir | Farm |
| 21:08 | Investigar | Burgundian Vineyards |
| 21:11 | Crear | Villager (Male) |
| 21:14 | Construir | Farm |
| 21:35 | Construir | Stone Wall |
| 21:39 | Crear | Villager (Male) |
| 21:39 | Crear | Villager (Male) |
| 21:52 | Crear | Villager (Male) |
| 22:09 | Construir | Town Center |
| 22:21 | Crear | Coustillier |
| 22:31 | Construir | Stable |
| 22:36 | Crear | Villager (Male) |
| 22:38 | Crear | Villager (Male) |
| 22:42 | Construir | Farm |
| 22:52 | Construir | Farm |
| 22:57 | Construir | Farm |
| 22:58 | Construir | Farm |
| 23:01 | Crear | Coustillier |
| 23:15 | Construir | House |
| 23:37 | Construir | Gate |
| 23:39 | Crear | Coustillier |
| 23:41 | Crear | Villager (Male) |
| 23:41 | Crear | Villager (Male) |
| 23:42 | Crear | Villager (Male) |
| 23:42 | Crear | Villager (Male) |
| 23:45 | Construir | House |
| 23:46 | Construir | House |
| 23:47 | Construir | House |
| 23:48 | Construir | House |
| 23:58 | Crear | Knight |
| 24:01 | Crear | Villager (Male) |
| 24:03 | Construir | Farm |
| 24:12 | Construir | Stone Wall |
| 24:17 | Crear | Knight |
| 24:22 | Construir | Farm |
| 24:25 | Construir | Farm |
| 24:25 | Construir | Farm |
| 24:26 | Construir | Farm |
| 24:26 | Construir | Farm |
| 24:28 | Construir | Farm |
| 24:32 | Crear | Knight |
| 24:35 | Crear | Coustillier |
| 24:43 | Construir | Farm |
| 24:44 | Crear | Villager (Male) |
| 24:47 | Crear | Villager (Male) |
Build order — Lyy
Primeras 150 de 258 acciones detectadas
| 0:01 | Crear | Villager (Male) |
| 0:02 | Construir | House |
| 0:03 | Construir | House |
| 0:04 | Crear | Villager (Male) |
| 0:09 | Crear | Villager (Male) ×2 |
| 1:20 | Crear | Villager (Male) |
| 1:51 | Crear | Villager (Male) |
| 1:59 | Construir | Lumber Camp |
| 2:01 | Crear | Villager (Male) |
| 2:29 | Crear | Villager (Male) |
| 2:45 | Crear | Villager (Male) |
| 3:05 | Crear | Villager (Male) |
| 3:27 | Crear | Villager (Male) |
| 3:44 | Crear | Villager (Male) |
| 3:50 | Construir | House |
| 3:56 | Crear | Villager (Male) |
| 4:39 | Construir | Mill |
| 4:40 | Crear | Villager (Male) |
| 4:48 | Crear | Villager (Male) |
| 4:59 | Crear | Villager (Male) |
| 5:41 | Crear | Villager (Male) |
| 5:57 | Construir | House |
| 6:04 | Crear | Villager (Male) |
| 6:34 | Crear | Villager (Male) |
| 7:09 | Crear | Villager (Male) |
| 7:16 | Crear | Villager (Male) |
| 7:31 | Crear | Villager (Male) |
| 7:57 | Construir | Mining Camp |
| 8:14 | Crear | Villager (Male) |
| 8:30 | Construir | Mining Camp |
| 8:37 | Investigar | Feudal Age |
| 9:24 | Construir | House |
| 9:26 | Construir | Farm |
| 10:02 | Crear | Villager (Male) |
| 10:02 | Crear | Villager (Male) |
| 10:22 | Crear | Villager (Male) |
| 10:40 | Crear | Villager (Male) |
| 10:56 | Edad | Edad Feudal |
| 11:00 | Construir | Market |
| 11:03 | Construir | Blacksmith |
| 11:14 | Construir | Farm |
| 11:51 | Investigar | Castle Age |
| 12:10 | Investigar | Double-Bit Axe |
| 12:34 | Crear | Villager (Male) |
| 12:39 | Construir | Dock |
| 12:49 | Construir | House |
| 13:17 | Crear | Villager (Male) |
| 14:31 | Edad | Edad de los Castillos |
| 14:33 | Construir | Town Center |
| 14:38 | Crear | Villager (Male) |
| 14:52 | Construir | Town Center |
| 14:57 | Crear | Villager (Male) |
| 14:59 | Crear | Demolition Raft |
| 15:07 | Crear | Fishing Ship |
| 15:15 | Crear | Villager (Male) |
| 15:27 | Construir | Town Center |
| 15:40 | Crear | Demolition Raft |
| 15:42 | Crear | Transport Ship |
| 15:44 | Crear | Trade Cog |
| 15:45 | Crear | Galley |
| 15:52 | Crear | Fishing Ship |
| 16:00 | Crear | Villager (Male) |
| 16:14 | Crear | Villager (Male) |
| 16:27 | Crear | Fishing Ship |
| 16:27 | Crear | Fishing Ship |
| 16:27 | Crear | Fishing Ship |
| 16:28 | Crear | Fishing Ship |
| 16:49 | Crear | Villager (Male) |
| 16:57 | Crear | Fishing Ship |
| 17:05 | Crear | Transport Ship |
| 17:27 | Construir | Farm |
| 17:27 | Construir | Farm |
| 17:27 | Construir | Farm |
| 17:27 | Construir | Farm |
| 17:28 | Construir | Farm |
| 17:28 | Construir | Farm |
| 17:31 | Construir | Farm |
| 17:31 | Construir | Farm |
| 17:31 | Construir | Farm |
| 17:31 | Construir | Farm |
| 17:32 | Construir | Farm |
| 17:32 | Construir | Farm |
| 17:54 | Crear | Villager (Male) |
| 18:22 | Crear | Villager (Male) |
| 18:33 | Crear | Villager (Male) ×3 |
| 18:44 | Construir | Barracks |
| 18:49 | Investigar | Loom |
| 18:50 | Crear | Villager (Male) |
| 19:07 | Crear | Villager (Male) ×2 |
| 19:08 | Crear | Villager (Male) |
| 19:34 | Construir | Castle |
| 19:40 | Construir | Palisade Wall |
| 19:44 | Construir | Palisade Wall |
| 19:45 | Construir | Palisade Gate |
| 19:52 | Construir | Palisade Wall |
| 19:55 | Construir | Palisade Wall |
| 19:57 | Construir | Palisade Wall |
| 19:59 | Construir | Palisade Wall |
| 20:04 | Crear | Villager (Male) ×4 |
| 20:08 | Construir | House |
| 20:09 | Construir | House |
| 20:09 | Construir | House |
| 20:09 | Construir | House |
| 20:16 | Crear | Villager (Male) |
| 20:35 | Construir | Lumber Camp |
| 20:36 | Crear | Villager (Male) |
| 20:39 | Crear | Villager (Male) |
| 20:49 | Crear | Longbowman |
| 20:50 | Crear | Longbowman |
| 20:59 | Construir | Outpost |
| 21:07 | Crear | Longbowman |
| 21:09 | Investigar | Fletching |
| 21:09 | Investigar | Padded Archer Armor |
| 21:17 | Crear | Longbowman |
| 21:28 | Crear | Longbowman |
| 21:33 | Crear | Longbowman |
| 21:34 | Crear | Longbowman |
| 21:38 | Investigar | Padded Archer Armor |
| 21:54 | Crear | Longbowman |
| 22:02 | Construir | Siege Workshop |
| 22:04 | Construir | Siege Workshop |
| 22:09 | Crear | Longbowman |
| 22:12 | Crear | Villager (Male) ×4 |
| 22:19 | Crear | Fishing Ship |
| 22:19 | Crear | Fishing Ship |
| 22:19 | Crear | Fishing Ship |
| 22:19 | Crear | Fishing Ship |
| 22:19 | Crear | Fishing Ship |
| 22:20 | Crear | Fishing Ship |
| 22:28 | Crear | Longbowman |
| 22:43 | Crear | Villager (Male) ×2 |
| 23:11 | Crear | Villager (Male) ×2 |
| 23:37 | Crear | Villager (Male) ×3 |
| 23:51 | Crear | Demolition Raft |
| 23:55 | Crear | Villager (Male) |
| 24:01 | Construir | Farm |
| 24:01 | Construir | Farm |
| 24:01 | Construir | Farm |
| 24:01 | Construir | Farm |
| 24:01 | Construir | Farm |
| 24:02 | Construir | Farm |
| 24:02 | Construir | Farm |
| 24:02 | Construir | Farm |
| 24:02 | Construir | Farm |
| 24:03 | Construir | Farm |
| 24:03 | Construir | Farm |
| 24:32 | Crear | Villager (Male) ×3 |
| 24:41 | Construir | Castle |
| 24:43 | Construir | Mining Camp |
| 24:45 | Crear | Villager (Male) ×2 |
Build order — KhanShinnok
Primeras 150 de 382 acciones detectadas
| 0:01 | Crear | Villager (Male) |
| 0:02 | Crear | Villager (Male) |
| 0:02 | Crear | Villager (Male) |
| 0:03 | Construir | House |
| 0:05 | Construir | House |
| 0:19 | Crear | Villager (Male) |
| 0:19 | Crear | Villager (Male) |
| 1:38 | Crear | Villager (Male) |
| 1:39 | Crear | Villager (Male) |
| 2:05 | Crear | Villager (Male) |
| 2:20 | Crear | Villager (Male) |
| 2:20 | Crear | Villager (Male) |
| 2:22 | Construir | Lumber Camp |
| 2:50 | Crear | Villager (Male) |
| 2:51 | Crear | Villager (Male) |
| 3:02 | Crear | Villager (Male) |
| 3:33 | Construir | House |
| 3:34 | Construir | House |
| 3:37 | Construir | Palisade Wall |
| 3:49 | Crear | Villager (Male) |
| 3:49 | Crear | Villager (Male) |
| 3:49 | Crear | Villager (Male) |
| 4:12 | Crear | Villager (Male) |
| 4:12 | Crear | Villager (Male) |
| 4:46 | Construir | Palisade Wall |
| 4:53 | Crear | Villager (Male) |
| 4:53 | Crear | Villager (Male) |
| 5:05 | Construir | Palisade Gate |
| 5:32 | Crear | Villager (Male) |
| 5:33 | Crear | Villager (Male) |
| 6:07 | Construir | House |
| 6:16 | Crear | Villager (Male) |
| 6:16 | Crear | Villager (Male) |
| 6:47 | Crear | Villager (Male) |
| 6:47 | Crear | Villager (Male) |
| 6:47 | Crear | Villager (Male) |
| 6:48 | Crear | Villager (Male) |
| 7:09 | Construir | Mill |
| 8:17 | Construir | Mill |
| 8:34 | Investigar | Feudal Age |
| 9:06 | Construir | Mining Camp |
| 10:44 | Edad | Edad Feudal |
| 10:44 | Crear | Villager (Male) |
| 10:44 | Crear | Villager (Male) |
| 10:53 | Construir | Market |
| 11:13 | Construir | Blacksmith |
| 11:33 | Crear | Villager (Male) |
| 11:56 | Investigar | Loom |
| 12:27 | Crear | Villager (Male) |
| 12:50 | Crear | Villager (Male) |
| 13:19 | Investigar | Castle Age |
| 13:22 | Investigar | Double-Bit Axe |
| 13:22 | Investigar | Double-Bit Axe |
| 14:29 | Investigar | Horse Collar |
| 14:44 | Construir | Farm |
| 14:45 | Construir | Farm |
| 14:46 | Construir | Farm |
| 14:51 | Construir | Farm |
| 14:52 | Construir | Farm |
| 15:29 | Construir | Palisade Wall |
| 15:30 | Construir | Palisade Wall |
| 15:59 | Edad | Edad de los Castillos |
| 16:08 | Construir | Town Center |
| 16:10 | Construir | Town Center |
| 16:17 | Crear | Villager (Male) |
| 16:24 | Investigar | Heavy Plow |
| 16:24 | Investigar | Heavy Plow |
| 16:24 | Investigar | Heavy Plow |
| 16:36 | Construir | House |
| 16:39 | Construir | House |
| 16:48 | Crear | Villager (Male) |
| 16:59 | Construir | Farm |
| 17:21 | Crear | Villager (Male) |
| 17:21 | Crear | Villager (Male) |
| 17:31 | Construir | Farm |
| 17:35 | Construir | Farm |
| 17:49 | Crear | Villager (Male) |
| 17:50 | Crear | Villager (Male) |
| 18:14 | Crear | Villager (Male) |
| 18:14 | Crear | Villager (Male) |
| 18:24 | Construir | Farm |
| 18:26 | Construir | Farm |
| 18:29 | Construir | Farm |
| 18:30 | Construir | Farm |
| 18:41 | Construir | Farm |
| 18:42 | Crear | Villager (Male) |
| 18:42 | Crear | Villager (Male) |
| 18:53 | Construir | Farm |
| 19:01 | Construir | House |
| 19:02 | Construir | House |
| 19:05 | Construir | House |
| 19:10 | Construir | Farm |
| 19:11 | Crear | Villager (Male) |
| 19:12 | Crear | Villager (Male) |
| 19:19 | Construir | Farm |
| 19:24 | Construir | Farm |
| 19:28 | Crear | Villager (Male) |
| 19:28 | Crear | Villager (Male) |
| 19:29 | Crear | Villager (Male) |
| 19:38 | Construir | Farm |
| 19:40 | Crear | Villager (Male) |
| 19:49 | Crear | Villager (Male) |
| 19:49 | Crear | Villager (Male) |
| 19:49 | Crear | Villager (Male) |
| 19:52 | Crear | Villager (Male) |
| 19:52 | Crear | Villager (Male) |
| 19:59 | Construir | Farm |
| 20:01 | Construir | Farm |
| 20:10 | Construir | Farm |
| 20:17 | Construir | Farm |
| 20:17 | Crear | Villager (Male) |
| 20:18 | Crear | Villager (Male) |
| 20:18 | Crear | Villager (Male) |
| 20:19 | Crear | Villager (Male) |
| 20:20 | Crear | Villager (Male) |
| 20:29 | Construir | Farm |
| 20:34 | Crear | Villager (Male) |
| 20:34 | Crear | Villager (Male) |
| 20:42 | Construir | Farm |
| 20:44 | Crear | Villager (Male) |
| 20:45 | Crear | Villager (Male) |
| 20:59 | Construir | Farm |
| 21:02 | Crear | Villager (Male) |
| 21:06 | Construir | Farm |
| 21:07 | Crear | Villager (Male) |
| 21:08 | Crear | Villager (Male) |
| 21:16 | Construir | Farm |
| 21:17 | Construir | Farm |
| 21:26 | Crear | Villager (Male) |
| 21:27 | Crear | Villager (Male) |
| 21:28 | Crear | Villager (Male) |
| 21:28 | Crear | Villager (Male) |
| 21:35 | Construir | Farm |
| 21:38 | Construir | Farm |
| 21:49 | Construir | Farm |
| 21:50 | Crear | Villager (Male) |
| 21:51 | Crear | Villager (Male) |
| 22:11 | Construir | Mining Camp |
| 22:16 | Crear | Villager (Male) |
| 22:17 | Crear | Villager (Male) |
| 22:17 | Crear | Villager (Male) |
| 22:29 | Crear | Villager (Male) |
| 22:29 | Crear | Villager (Male) |
| 22:36 | Investigar | Bow Saw |
| 22:36 | Investigar | Bow Saw |
| 22:48 | Construir | Farm |
| 22:57 | Construir | Farm |
| 23:02 | Crear | Villager (Male) |
| 23:14 | Investigar | Wheelbarrow |
| 23:20 | Crear | Villager (Male) |
Build order — ElmismisimoDonWea
Primeras 150 de 323 acciones detectadas
| 0:02 | Crear | Villager (Male) ×4 |
| 0:03 | Construir | House |
| 0:04 | Construir | House |
| 1:31 | Crear | Villager (Male) |
| 2:02 | Crear | Villager (Male) |
| 2:03 | Crear | Villager (Male) |
| 2:20 | Crear | Villager (Male) |
| 2:54 | Crear | Villager (Male) |
| 2:55 | Crear | Villager (Male) |
| 3:12 | Construir | Lumber Camp |
| 3:18 | Crear | Villager (Male) |
| 3:28 | Construir | House |
| 3:30 | Construir | House |
| 3:48 | Crear | Villager (Male) |
| 3:48 | Crear | Villager (Male) |
| 3:59 | Crear | Villager (Male) |
| 4:21 | Construir | Mill |
| 4:36 | Crear | Villager (Male) |
| 4:37 | Crear | Villager (Male) |
| 4:48 | Crear | Villager (Male) |
| 5:21 | Crear | Villager (Male) |
| 5:21 | Crear | Villager (Male) |
| 5:33 | Crear | Villager (Male) |
| 5:33 | Crear | Villager (Male) |
| 5:57 | Crear | Villager (Male) |
| 6:25 | Crear | Villager (Male) |
| 6:25 | Crear | Villager (Male) |
| 7:01 | Crear | Villager (Male) |
| 7:15 | Construir | Mining Camp |
| 7:54 | Investigar | Feudal Age |
| 8:09 | Construir | House |
| 8:37 | Crear | Villager (Male) |
| 9:39 | Crear | Villager (Male) |
| 9:40 | Crear | Villager (Male) |
| 9:42 | Investigar | Loom |
| 10:08 | Edad | Edad Feudal |
| 10:36 | Construir | Market |
| 10:39 | Construir | Blacksmith |
| 11:01 | Construir | Farm |
| 11:07 | Construir | House |
| 11:31 | Crear | Villager (Male) |
| 11:42 | Crear | Villager (Male) |
| 12:04 | Construir | Farm |
| 12:31 | Investigar | Castle Age |
| 12:31 | Investigar | Castle Age |
| 12:53 | Construir | House |
| 13:02 | Investigar | Double-Bit Axe |
| 13:29 | Crear | Villager (Male) |
| 13:29 | Crear | Villager (Male) |
| 13:35 | Construir | House |
| 13:39 | Construir | House |
| 14:14 | Construir | Farm |
| 14:40 | Construir | House |
| 14:42 | Construir | House |
| 14:51 | Construir | House |
| 15:11 | Edad | Edad de los Castillos |
| 15:24 | Construir | Farm |
| 15:26 | Construir | Town Center |
| 15:32 | Construir | Town Center |
| 15:35 | Crear | Villager (Male) |
| 15:37 | Construir | Farm |
| 15:53 | Construir | House |
| 15:55 | Construir | House |
| 16:04 | Crear | Villager (Male) |
| 16:07 | Construir | Farm |
| 16:20 | Crear | Villager (Male) |
| 16:20 | Crear | Villager (Male) |
| 16:31 | Crear | Villager (Male) |
| 16:31 | Crear | Villager (Male) |
| 16:32 | Crear | Villager (Male) |
| 16:35 | Construir | Farm |
| 16:38 | Construir | House |
| 16:40 | Construir | House |
| 16:43 | Construir | House |
| 16:44 | Crear | Villager (Male) |
| 16:45 | Crear | Villager (Male) |
| 16:55 | Construir | Farm |
| 17:03 | Construir | Farm |
| 17:12 | Crear | Villager (Male) |
| 17:16 | Construir | Monastery |
| 17:33 | Crear | Villager (Male) |
| 17:35 | Construir | Farm |
| 17:46 | Construir | Farm |
| 17:50 | Construir | Farm |
| 17:53 | Crear | Villager (Male) |
| 17:53 | Crear | Villager (Male) |
| 17:55 | Construir | Farm |
| 18:02 | Crear | Villager (Male) |
| 18:02 | Crear | Villager (Male) |
| 18:02 | Crear | Villager (Male) |
| 18:03 | Crear | Villager (Male) |
| 18:06 | Construir | Farm |
| 18:07 | Crear | Monk |
| 18:13 | Construir | House |
| 18:15 | Construir | House |
| 18:20 | Construir | Farm |
| 18:22 | Crear | Villager (Male) |
| 18:22 | Crear | Villager (Male) |
| 18:24 | Construir | Farm |
| 18:34 | Construir | Farm |
| 18:35 | Crear | Villager (Male) |
| 18:40 | Construir | Farm |
| 18:46 | Construir | Farm |
| 18:46 | Crear | Villager (Male) |
| 18:47 | Crear | Villager (Male) |
| 18:55 | Construir | Farm |
| 18:56 | Crear | Villager (Male) |
| 19:06 | Crear | Villager (Male) |
| 19:06 | Crear | Villager (Male) |
| 19:12 | Crear | Villager (Male) |
| 19:12 | Crear | Villager (Male) |
| 19:12 | Crear | Villager (Male) |
| 19:16 | Construir | Farm |
| 19:18 | Construir | House |
| 19:19 | Construir | House |
| 19:22 | Construir | Farm |
| 19:24 | Construir | Farm |
| 19:26 | Construir | Farm |
| 19:27 | Crear | Villager (Male) |
| 19:27 | Crear | Villager (Male) |
| 19:28 | Crear | Villager (Male) |
| 19:35 | Construir | Farm |
| 19:42 | Construir | Farm |
| 19:44 | Crear | Villager (Male) |
| 19:44 | Crear | Villager (Male) |
| 19:47 | Crear | Villager (Male) |
| 19:57 | Crear | Villager (Male) |
| 19:57 | Crear | Villager (Male) |
| 20:04 | Crear | Villager (Male) |
| 20:15 | Construir | Farm |
| 20:16 | Construir | Farm |
| 20:34 | Construir | Farm |
| 20:35 | Crear | Villager (Male) |
| 20:38 | Construir | Farm |
| 20:39 | Construir | Farm |
| 20:40 | Construir | Mill |
| 20:42 | Construir | Farm |
| 20:43 | Crear | Villager (Male) |
| 20:46 | Crear | Villager (Male) |
| 20:49 | Crear | Villager (Male) |
| 20:51 | Construir | Farm |
| 20:54 | Construir | House |
| 20:56 | Construir | House |
| 20:57 | Construir | House |
| 20:59 | Crear | Villager (Male) |
| 20:59 | Crear | Villager (Male) |
| 21:00 | Crear | Villager (Male) |
| 21:03 | Investigar | Wheelbarrow |
| 21:06 | Construir | Farm |
| 21:17 | Crear | Villager (Male) |
Build order — Wendysocute
Primeras 150 de 335 acciones detectadas
| 0:04 | Crear | Villager (Male) |
| 0:04 | Crear | Villager (Male) |
| 0:05 | Crear | Villager (Male) |
| 0:06 | Crear | Villager (Male) |
| 0:14 | Construir | House |
| 0:22 | Construir | House |
| 2:00 | Crear | Villager (Male) |
| 2:00 | Crear | Villager (Male) |
| 2:25 | Crear | Villager (Male) |
| 2:36 | Construir | Lumber Camp |
| 2:37 | Crear | Villager (Male) |
| 3:11 | Crear | Villager (Male) |
| 3:31 | Crear | Villager (Male) |
| 3:52 | Construir | House |
| 3:54 | Construir | House |
| 4:12 | Crear | Villager (Male) |
| 4:52 | Crear | Villager (Male) |
| 5:04 | Construir | Mill |
| 5:23 | Crear | Villager (Male) |
| 5:28 | Crear | Villager (Male) |
| 5:29 | Crear | Villager (Male) |
| 6:30 | Crear | Villager (Male) |
| 6:31 | Crear | Villager (Male) |
| 6:32 | Crear | Villager (Male) |
| 6:33 | Crear | Villager (Male) |
| 6:43 | Construir | House |
| 6:58 | Crear | Villager (Male) |
| 7:26 | Construir | Palisade Wall |
| 7:28 | Construir | Palisade Wall |
| 7:28 | Construir | Palisade Wall |
| 7:29 | Construir | Palisade Wall |
| 7:29 | Construir | Palisade Wall |
| 7:33 | Construir | Palisade Wall |
| 7:36 | Construir | Palisade Wall |
| 7:38 | Construir | Palisade Wall |
| 7:40 | Construir | Palisade Wall |
| 7:44 | Construir | Palisade Gate |
| 7:45 | Construir | Palisade Gate |
| 7:50 | Crear | Villager (Male) |
| 7:50 | Crear | Villager (Male) |
| 7:51 | Crear | Villager (Male) |
| 7:53 | Crear | Villager (Male) |
| 8:29 | Crear | Villager (Male) |
| 8:44 | Construir | Farm |
| 8:46 | Construir | Farm |
| 8:47 | Construir | Farm |
| 8:48 | Construir | Farm |
| 9:11 | Construir | Farm |
| 9:58 | Construir | Mill |
| 10:28 | Crear | Villager (Male) |
| 10:58 | Construir | Mining Camp |
| 11:01 | Crear | Villager (Male) |
| 11:13 | Construir | House |
| 11:15 | Construir | House |
| 11:24 | Crear | Villager (Male) |
| 11:29 | Investigar | Feudal Age |
| 11:29 | Investigar | Feudal Age |
| 11:38 | Crear | Villager (Male) |
| 12:37 | Construir | House |
| 13:29 | Construir | House |
| 13:39 | Crear | Villager (Male) |
| 13:48 | Edad | Edad Feudal |
| 13:55 | Construir | Market |
| 14:34 | Crear | Villager (Male) |
| 14:43 | Construir | Blacksmith |
| 14:56 | Crear | Villager (Male) |
| 15:19 | Investigar | Castle Age |
| 15:23 | Investigar | Double-Bit Axe |
| 15:25 | Investigar | Horse Collar |
| 15:47 | Construir | Farm |
| 15:52 | Construir | Farm |
| 16:40 | Investigar | Wheelbarrow |
| 16:41 | Investigar | Loom |
| 18:08 | Edad | Edad de los Castillos |
| 18:12 | Construir | Town Center |
| 18:16 | Construir | Town Center |
| 18:42 | Crear | Villager (Male) |
| 18:50 | Construir | Monastery |
| 18:54 | Construir | Farm |
| 18:56 | Construir | Farm |
| 18:58 | Investigar | Heavy Plow |
| 19:31 | Construir | Farm |
| 19:33 | Construir | Farm |
| 19:34 | Crear | Villager (Male) |
| 19:35 | Crear | Villager (Male) |
| 19:36 | Crear | Villager (Male) |
| 19:40 | Crear | Villager (Male) |
| 19:40 | Crear | Villager (Male) |
| 19:43 | Crear | Villager (Male) |
| 19:44 | Crear | Villager (Male) |
| 19:44 | Crear | Villager (Male) |
| 19:44 | Crear | Villager (Male) |
| 19:47 | Crear | Monk |
| 19:48 | Crear | Monk |
| 19:52 | Construir | Farm |
| 19:53 | Construir | Farm |
| 20:39 | Construir | Mining Camp |
| 20:52 | Crear | Villager (Male) |
| 20:53 | Crear | Villager (Male) |
| 20:53 | Crear | Villager (Male) |
| 20:53 | Crear | Villager (Male) |
| 20:53 | Crear | Villager (Male) |
| 20:54 | Crear | Villager (Male) |
| 20:54 | Crear | Villager (Male) |
| 20:54 | Crear | Villager (Male) |
| 21:00 | Construir | Farm |
| 21:03 | Construir | Farm |
| 21:03 | Construir | Farm |
| 21:04 | Construir | Farm |
| 21:04 | Construir | Farm |
| 21:04 | Construir | Farm |
| 21:04 | Construir | Farm |
| 21:16 | Crear | Villager (Male) |
| 21:16 | Crear | Villager (Male) |
| 21:17 | Crear | Villager (Male) |
| 21:17 | Crear | Villager (Male) |
| 21:17 | Crear | Villager (Male) |
| 21:27 | Construir | House |
| 21:31 | Construir | House |
| 21:32 | Construir | House |
| 21:57 | Crear | Villager (Male) |
| 22:02 | Crear | Villager (Male) |
| 22:02 | Crear | Villager (Male) |
| 22:02 | Crear | Villager (Male) |
| 22:10 | Construir | Barracks |
| 22:18 | Construir | House |
| 22:43 | Crear | Villager (Male) |
| 22:46 | Crear | Villager (Male) |
| 22:46 | Crear | Villager (Male) |
| 22:46 | Crear | Villager (Male) |
| 22:55 | Construir | Farm |
| 23:05 | Construir | House |
| 23:11 | Construir | Farm |
| 23:16 | Crear | Villager (Male) |
| 23:17 | Crear | Villager (Male) |
| 23:17 | Crear | Villager (Male) |
| 23:17 | Crear | Villager (Male) |
| 23:17 | Crear | Villager (Male) |
| 23:22 | Construir | Farm |
| 23:22 | Construir | Farm |
| 23:22 | Construir | Farm |
| 23:23 | Construir | Farm |
| 23:23 | Construir | Farm |
| 23:23 | Construir | Farm |
| 23:24 | Construir | Farm |
| 23:24 | Construir | Farm |
| 23:24 | Construir | Farm |
| 23:25 | Construir | Farm |
| 23:25 | Construir | Farm |
| 23:25 | Construir | Farm |
Cronología de la partida
| 3:37 | KhanShinnok · wall_segment Palisade Wall x1 |
| 4:07 | The_Physicist · wall_segment Palisade Wall x4 |
| 4:10 | The_Physicist · wall_segment Palisade Wall x4 |
| 4:12 | The_Physicist · wall_segment Palisade Wall x1 |
| 4:46 | KhanShinnok · wall_segment Palisade Wall x7 |
| 6:27 | [ GG ] Maverick · wall_segment Palisade Wall x8 |
| 7:09 | The_Physicist · first_building Dock |
| 7:26 | Wendysocute · wall_segment Palisade Wall x1 |
| 7:28 | Wendysocute · wall_segment Palisade Wall x4 |
| 7:28 | Wendysocute · wall_segment Palisade Wall x1 |
| 7:29 | Wendysocute · wall_segment Palisade Wall x1 |
| 7:29 | Wendysocute · wall_segment Palisade Wall x1 |
| 7:31 | [ GG ] Maverick · first_building Barracks |
| 7:33 | Wendysocute · wall_segment Palisade Wall x12 |
| 7:36 | Wendysocute · wall_segment Palisade Wall x6 |
| 7:38 | Wendysocute · wall_segment Palisade Wall x3 |
| 7:40 | Wendysocute · wall_segment Palisade Wall x2 |
| 8:00 | [ GG ] Maverick · wall_segment Palisade Wall x12 |
| 8:28 | [ GG ] Maverick · wall_segment Palisade Wall x5 |
| 9:46 | [ GG ] Maverick · wall_segment Palisade Wall x8 |
| 10:08 | ElmismisimoDonWea · age_up feudal |
| 10:29 | Visionari · wall_segment Palisade Wall x8 |
| 10:36 | Visionari · wall_segment Palisade Wall x4 |
| 10:44 | KhanShinnok · age_up feudal |
| 10:56 | Lyy · age_up feudal |
| 10:58 | Kompromist · age_up feudal |
| 11:25 | Visionari · age_up feudal |
| 11:27 | [ GG ] Maverick · age_up feudal |
| 11:35 | [ GG ] Maverick · first_building Archery Range |
| 11:52 | The_Physicist · age_up feudal |
| 12:02 | The_Physicist · wall_segment Stone Wall x4 |
| 12:05 | The_Physicist · wall_segment Stone Wall x5 |
| 12:07 | The_Physicist · wall_segment Stone Wall x5 |
| 12:39 | Lyy · first_building Dock |
| 13:10 | [ GG ] Maverick · wall_segment Palisade Wall x8 |
| 13:11 | Visionari · first_building Dock |
| 13:42 | The_Physicist · wall_segment Stone Wall x1 |
| 13:48 | Wendysocute · age_up feudal |
| 14:17 | Kompromist · age_up castle |
| 14:31 | Lyy · age_up castle |
| 15:11 | ElmismisimoDonWea · age_up castle |
| 15:17 | Kompromist · first_building Barracks |
| 15:29 | KhanShinnok · wall_segment Palisade Wall x1 |
| 15:30 | KhanShinnok · wall_segment Palisade Wall x1 |
| 15:59 | KhanShinnok · age_up castle |
| 16:05 | Kompromist · first_building Stable |
| 16:41 | [ GG ] Maverick · wall_segment Palisade Wall x2 |
| 17:13 | The_Physicist · age_up castle |
| 17:16 | ElmismisimoDonWea · first_building Monastery |
| 17:36 | Kompromist · first_market_buy 100 food |
| 17:37 | Kompromist · first_market_sell 100 wood |
| 17:39 | [ GG ] Maverick · wall_segment Palisade Wall x11 |
| 17:48 | The_Physicist · first_building Monastery |
| 17:50 | Visionari · age_up castle |
| 18:01 | ElmismisimoDonWea · first_market_buy 100 food |
| 18:08 | Wendysocute · age_up castle |
| 18:32 | Lyy · first_market_buy 100 food |
| 18:44 | Lyy · first_building Barracks |
| 18:49 | The_Physicist · first_building Castle |
| 18:50 | Wendysocute · first_building Monastery |
| 19:15 | The_Physicist · wall_segment Stone Wall x7 |
| 19:26 | Lyy · first_market_sell 100 wood |
| 19:34 | Lyy · first_building Castle |
| 19:37 | The_Physicist · first_building Barracks |
| 19:40 | Lyy · wall_segment Palisade Wall x1 |
| 19:44 | Lyy · wall_segment Palisade Wall x4 |
| 19:48 | KhanShinnok · first_market_buy 100 food |
| 19:52 | Lyy · wall_segment Palisade Wall x1 |
| 19:55 | Lyy · wall_segment Palisade Wall x1 |
| 19:57 | Lyy · wall_segment Palisade Wall x1 |
| 19:59 | Lyy · wall_segment Palisade Wall x1 |
| 20:02 | Visionari · first_building Barracks |
| 20:05 | The_Physicist · wall_segment Stone Wall x1 |
| 21:35 | The_Physicist · wall_segment Stone Wall x10 |
| 21:36 | [ GG ] Maverick · wall_segment Stone Wall x10 |
| 21:50 | [ GG ] Maverick · wall_segment Stone Wall x2 |
| 22:02 | Lyy · first_building Siege Workshop |
| 22:10 | Wendysocute · first_building Barracks |
| 22:31 | The_Physicist · first_building Stable |
| 22:59 | [ GG ] Maverick · wall_segment Stone Wall x1 |
| 23:47 | [ GG ] Maverick · wall_segment Stone Wall x11 |
| 24:03 | [ GG ] Maverick · wall_segment Stone Wall x8 |
| 24:09 | Wendysocute · first_building Stable |
| 24:12 | The_Physicist · wall_segment Stone Wall x3 |
| 24:57 | The_Physicist · wall_segment Stone Wall x4 |
| 25:11 | ElmismisimoDonWea · first_building Barracks |
| 25:21 | [ GG ] Maverick · age_up castle |
| 25:25 | Lyy · wall_segment Palisade Wall x1 |
| 25:28 | Lyy · wall_segment Palisade Wall x1 |
| 25:28 | ElmismisimoDonWea · first_building Castle |
| 25:36 | The_Physicist · first_building Archery Range |
| 25:37 | KhanShinnok · wall_segment Stone Wall x13 |
| 25:39 | KhanShinnok · wall_segment Stone Wall x7 |
| 26:16 | Kompromist · wall_segment Stone Wall x9 |
| 26:22 | Kompromist · wall_segment Stone Wall x8 |
| 27:08 | KhanShinnok · first_building Monastery |
| 27:43 | ElmismisimoDonWea · first_building Stable |
| 27:49 | KhanShinnok · wall_segment Stone Wall x16 |
| 28:08 | KhanShinnok · wall_segment Stone Wall x9 |
| 29:20 | KhanShinnok · first_building Castle |
| 29:37 | ElmismisimoDonWea · age_up imperial |
| 29:59 | Kompromist · first_building Monastery |
| 30:31 | KhanShinnok · first_building Barracks |
| 30:47 | ElmismisimoDonWea · first_market_sell 500 food |
| 31:01 | Lyy · wall_segment Stone Wall x5 |
| 31:16 | KhanShinnok · first_building Archery Range |
| 31:48 | Lyy · age_up imperial |
| 31:53 | Visionari · first_building Castle |
| 32:19 | The_Physicist · age_up imperial |
| 32:24 | Wendysocute · first_market_sell 100 food |
| 33:44 | KhanShinnok · age_up imperial |
| 35:13 | Kompromist · age_up imperial |
| 35:51 | KhanShinnok · first_building Stable |
| 35:53 | Wendysocute · age_up imperial |
| 36:13 | The_Physicist · first_market_sell 500 food |
| 36:15 | Visionari · age_up imperial |
| 36:15 | The_Physicist · first_market_buy 100 wood |
| 36:22 | [ GG ] Maverick · first_building Monastery |
| 38:26 | Lyy · resign |
| 41:15 | KhanShinnok · first_market_sell 500 stone |
[ ANÁLISIS IA · 1 CRÉDITO ]
¿Qué pasó realmente en esta partida?
Wolo.gg analiza cada decisión: build order, eco, micro, errores típicos por bracket. Análisis personalizado por WhatsApp o Discord en 30 segundos.
Guía civ
Muiscas
Guía mapa
Highland
Perfil
Jugador #878153